 Dungeon Crawl Stone Soup version 0.24-a0-264-gf46a388040 (webtiles) character file.

Game seed: 8752624539837347441

668 Findor the Covert (level 7, -5/62 HPs)
             Began as a Naga Wanderer on Apr 20, 2019.
             Slain by a slave (6 damage)
             ... led by Pikel
             ... on level 4 of the Dungeon.
             The game lasted 00:10:51 (5266 turns).

Findor the Covert (Naga Wanderer)                   Turns: 5266, Time: 00:10:52

Health: -5/62      AC:  7    Str: 16    XL:     7   Next: 58%
Magic:  7/7        EV:  4    Int: 13    God:
Gold:   154        SH:  0    Dex: 10    Spells: 6/6 levels left

rFire    . . .     SeeInvis +   a - +1 hand axe
rCold    . . .     Gourm    .   (no shield)
rNeg     . . .     Faith    .   w - +0 chain mail
rPois    +         Spirit   .   (no helmet)
rElec    .         Reflect  .   (no cloak)
rCorr    +         Harm     .   (no gloves)
MR       .....                  (no barding)
Stlth    +.........             (no amulet)
HPRegen  0.20/turn              m - ring of resist corrosion
MPRegen  0.10/turn              (no ring)

@: short of breath, hasted, quick
A: large, see invisible, deformed body, poison resistance, slowness 2, slow
metabolism 1, spit poison 1, AC +2
a: Spit Poison


You were on level 4 of the Dungeon.
You were not hungry.

You visited 1 branch of the dungeon, and saw 4 of its levels.

You collected 154 gold pieces.


Innate Abilities, Weirdness & Mutations

You cannot wear boots.
Your serpentine skin is tough. (AC +2)
You have supernaturally acute eyesight. (SInv)
Armour fits poorly on your strangely shaped body.
Your system is resistant to poisons. (rPois)
You cover ground very slowly.
You have a slow metabolism.
You can spit poison.


   Skills:
 - Level 3.0 Fighting
   Level 1.0 Long Blades
 * Level 6.5 Axes
 - Level 2.4 Armour
 - Level 8.3 Stealth


You had 6 spell levels left.
You didn't know any spells.
Your spell library was empty.

Inventory:

Hand Weapons
 a - a +1 hand axe (weapon)
 h - a +0 dagger of speed
   (You took it off a goblin on level 1 of the Dungeon)
 o - a +0 dagger of pain
   (You took it off a goblin on level 1 of the Dungeon)
 r - a +0 hunting sling
   (You found it on level 2 of the Dungeon)
 s - a +1 dagger of draining
   (You took it off a goblin on level 2 of the Dungeon)
Missiles
 y - 2 tomahawks (quivered)
Armour
 w - a +0 chain mail (worn)
   (You found it on level 2 of the Dungeon)
Jewellery
 m - a ring of resist corrosion (left hand)
   (You found it on level 4 of the Dungeon)
Scrolls
 c - a scroll of amnesia {unknown}
 d - a scroll of teleportation {@r4}
 e - 2 scrolls of enchant weapon
 j - 2 scrolls of immolation {unknown}
 l - a scroll of fog {unknown}
 q - a scroll of enchant armour {unknown}
 t - a scroll of magic mapping {unknown}
Potions
 g - a potion of ambrosia
 p - a potion of brilliance
 u - 2 potions of curing {@q1}
 z - a potion of lignification {!q}
 A - a potion of flight
Comestibles
 f - 3 rations
 n - a chunk of flesh


Message History

You hit Pikel. You barely miss the slave. The slave hits you.
Pikel hits you with a +1 whip of flaming.
Pikel burns you.
You closely miss Pikel. You miss the slave. The slave barely misses you.
Pikel hits you with a +1 whip of flaming.
* * * LOW HITPOINT WARNING * * *
Pikel burns you.
* * * LOW HITPOINT WARNING * * *
Unknown command.
Unknown command.
You hit Pikel. You hit the slave. You miss the slave. The slave hits you.
* * * LOW HITPOINT WARNING * * *
Pikel hits you but does no damage. The slave barely misses you.
Unknown command.
You feel yourself speed up.
You have got your breath back.
The slave hits you.
* * * LOW HITPOINT WARNING * * *
Pikel hits you but does no damage. The slave barely misses you.
Really quaff
z - a potion of lignification {!q}? [Y]es or [N]o only, please.
Really quaff
z - a potion of lignification {!q}?
Okay, then.
There are monsters nearby!
You slash Pikel!
Your chain mail prevents you from hitting the slave.
You hit the slave.
Pikel looks more healthy.
The slave hits you but does no damage.
Your chain mail prevents you from hitting Pikel.
Your chain mail prevents you from hitting the slave.
You closely miss the slave. You hit the slave.
Pikel hits you with a +1 whip of flaming.
* * * LOW HITPOINT WARNING * * *
Pikel burns you.
* * * LOW HITPOINT WARNING * * *
The slave hits you but does no damage. x2
Press: ? - help, Shift-Dir - straight line, f/p - Pikel
Aim: Pikel, wielding a +1 whip of flaming and wearing a +0 robe (heavily wounded)
The splash of poison hits Pikel!
Pikel is poisoned.
You feel slightly more hungry. The slave hits you.
* * * LOW HITPOINT WARNING * * *
The slave hits you but does no damage.
Pikel hits you with a +1 whip of flaming.
* * * LOW HITPOINT WARNING * * *
Pikel burns you.
* * * LOW HITPOINT WARNING * * *
Unknown command.
You closely miss Pikel. You hit the slave. You barely miss the slave.
You hit the slave. The slave hits you.
You die...

## #..# # #.# .# .. #..# #. #.#
.# .# # ...# ##.##.#### '##.###.#
#..# ........ ..#.#...######..#
#.....
...............>#######.#.#### .#
..#.#.#+## #.................##.#
....#....###...p#######.#.##.##.#
##..#........(.p@.).....#.##.##.#
#..............pK.........##.##.#
###..##'##.#..#.#######.####.##.#
###..##.##.#..#.#######.####.##.#
................................#
###...#.##.#..#...#####.####.....
#...#.##.#..#...# #.# #...##
#........#.[#...# #.# #...#
#..#..##.#..#...#####.# #...#


You could see Pikel and 3 slaves.

Vanquished Creatures
  Sigmund (D:4)
  Duvessa (D:4)
  A slave (D:4)
  A centaur (D:4)
  Dowan (D:4)
  A howler monkey (D:3)
  A centaur skeleton (D:4)
  An iguana (D:4)
  A worker ant (D:4)
  2 hound skeletons (D:4)
  6 adders
  An adder skeleton (D:4)
  3 worms
  4 dart slugs
  3 leopard geckos
  2 orcs
  A giant cockroach (D:2)
  9 hobgoblins
  3 jackals (D:2)
  4 kobolds
  A quokka (D:2)
  A ball python (D:1)
  9 bats
  5 frilled lizards
  8 goblins
  3 rats
74 creatures vanquished.

Notes
Turn   | Place    | Note
-------+----------+-------------------------------------------
     0 | D:1      | Findor the Naga Wanderer began the quest for the Orb.
     0 | D:1      | Findor set off with the following items: a +2 dagger, a
                  | scroll of blinking, a +0 hand axe, a scroll of
                  | teleportation {@r4}, a +0 robe, a ration
     0 | D:1      | Reached XP level 1. HP: 21/21 MP: 1/1
   239 | D:1      | Reached skill level 1 in Axes
   419 | D:1      | Reached XP level 2. HP: 28/28 MP: 2/2
  1210 | D:1      | Reached XP level 3. HP: 34/34 MP: 3/3
  1341 | D:2      | Found a hide-covered altar of Uskayaw.
  1381 | D:2      | Reached skill level 5 in Stealth
  1629 | D:2      | Reached XP level 4. HP: 27/42 MP: 4/4
  1751 | D:2      | Reached skill level 3 in Axes
  3283 | D:3      | Reached XP level 5. HP: 32/49 MP: 5/5
  3586 | D:3      | Found a burning altar of Makhleb.
  3586 | D:3      | Noticed a green death
  3589 | D:3      | Noticed a hellwing
  3589 | D:3      | Noticed an orange demon
  3698 | D:4      | HP: 6/49 [iguana (5)]
  3706 | D:4      | Reached skill level 6 in Stealth
  3864 | D:4      | Noticed a centaur
  3882 | D:4      | Killed a centaur
  3882 | D:4      | Reached XP level 6. HP: 16/56 MP: 6/6
  4236 | D:4      | Noticed a phantom
  4278 | D:4      | HP: 10/56 [phantom (4)]
  4280 | D:4      | Noticed Dowan
  4280 | D:4      | HP: 2/56 [howler monkey (5)]
  4287 | D:3      | Reached skill level 7 in Stealth
  4602 | D:4      | Noticed Duvessa
  4605 | D:4      | Killed Dowan
  4814 | D:4      | Killed Duvessa
  4814 | D:4      | Reached XP level 7. HP: 23/62 MP: 7/7
  5042 | D:4      | Found a snail-covered altar of Cheibriados.
  5050 | D:4      | Reached skill level 6 in Axes
  5108 | D:4      | Noticed Sigmund
  5127 | D:4      | Killed Sigmund
  5127 | D:4      | Reached skill level 8 in Stealth
  5256 | D:4      | Noticed Pikel
  5265 | D:4      | HP: 9/62 [slave[Pikel] (5)]
  5265 | D:4      | HP: 4/62 [Pikel/+1 whip of flaming (5)]
  5265 | D:4      | HP: 1/62 [Pikel/+1 whip of flaming (3)]
  5266 | D:4      | Slain by a slave

Levels and vault maps discovered:
D:1:      doesnt_arrival_eight_statues, layout_basic
D:2:      layout_basic, eat_drink_and_be_merry_uskayaw, first_ration,
          minmay_tall_x
D:3:      layout_basic, makhleb_altar_promises_db
D:4:      layout_basic, nicolae_overflow_crystal_walls, small_statue_alley_b,
          nicolae_qazlal_eye_of_the_storm, uniq_sigmund, uniq_pikel,
          uniq_duvessa

Action                   |  1- 3 |  4- 6 |  7- 9 || total
-------------------------+-------+-------+-------++-------
Melee: Hand axe          |    80 |   195 |    32 ||   307
Throw: Tomahawk          |       |     3 |     2 ||     5
 Abil: Spit Poison       |    19 |    19 |     5 ||    43
  Use: Scroll            |     1 |     4 |     4 ||     9
       Potion            |       |     4 |     2 ||     6
 Stab: Sleeping          |     3 |     2 |       ||     5
  Eat: Chunk             |     2 |     4 |       ||     6
       Ration            |       |     2 |       ||     2
Armor: Ring mail         |    25 |    35 |       ||    60
       Leather armour    |     3 |       |       ||     3
       Chain mail        |       |   122 |    19 ||   141
       Skin              |       |     4 |       ||     4
Dodge: Dodged            |    52 |    68 |     5 ||   125
